 Dungeon Crawl Stone Soup version 0.20-b1 (webtiles) character file.

8347 GFizzle the Severer (level 11, 0/92 HPs)
             Began as a Minotaur Berserker on May 19, 2017.
             Was a High Priest of Trog.
             Shot with a bolt by an orc knight (12 damage)
             ... on level 2 of the Orcish Mines.
             The game lasted 01:13:37 (8689 turns).

GFizzle the Severer (Minotaur Berserker)            Turns: 8689, Time: 01:13:38

Health: 0/92       AC: 17    Str: 22      XL:     11   Next: 8%
Magic:  0/10       EV: 13    Int:  3 (4)  God:    Trog [*****.]
Gold:   466        SH:  0    Dex: 13      Spells: 10/10 levels left

rFire    . . .     SeeInvis .   b - +4 war axe (freeze)
rCold    . . .     Gourm    .   (no shield)
rNeg     . . .     Faith    .   x - +0 plate armour
rPois    .         Spirit   +   (helmet unavailable)
rElec    .         Reflect  .   (no cloak)
rCorr    .         Harm     .   p - +0 pair of gloves
MR       ++...                  l - +0 pair of boots
Stlth    ..........             n - amulet of guardian spirit
Regen    1.3/turn               j - +2 ring of protection
MPRegen  0.2/turn               q - +4 ring of evasion

@: regenerating, slowed, very slow
A: retaliatory headbutt, horns 3, blink, deterioration 1
a: Blink, Berserk, Trog's Hand, Brothers in Arms, Burn Spellbooks, Renounce
Religion


You were on level 2 of the Orcish Mines.
You worshipped Trog.
Trog was extremely pleased with you.
You were hungry.

You visited 3 branches of the dungeon, and saw 12 of its levels.

You collected 726 gold pieces.
You spent 260 gold pieces at shops.

Inventory:

Hand Weapons
 a - a +1 hand axe of electrocution
 b - a +4 war axe of freezing (weapon)
Armour
 l - a +0 pair of boots (worn)
 p - a +0 pair of gloves (worn)
 x - a +0 plate armour (worn)
Jewellery
 j - a +2 ring of protection (left hand)
 n - an amulet of guardian spirit (around neck)
 q - a +4 ring of evasion (right hand)
 r - an uncursed ring of fire
 t - an uncursed ring of stealth {unknown}
 v - an uncursed ring of flight {unknown}
Scrolls
 k - a scroll of magic mapping
 o - a scroll of fog
 s - a scroll of teleportation
Potions
 d - 2 potions of ambrosia
 e - 4 potions of lignification
 h - 5 potions of curing
 m - a potion of haste
 u - a potion of might
 z - a potion of heal wounds
Comestibles
 c - 3 bread rations
 f - 3 meat rations
 g - 5 fruits
 i - 4 royal jellies


   Skills:
 + Level 7.4 Fighting
 - Level 16.4 Axes
 + Level 6.8 Armour
 + Level 6.3 Dodging


You had 10 spell levels left.
You didn't know any spells.

Dungeon Overview and Level Annotations

Branches:
Dungeon (9/15)             Temple (1/1) D:5             Orc (2/2) D:9
   Lair: D:8-11         Elf: Orc:2

Altars:
Ashenzari
Cheibriados
Dithmenos
Elyvilon
Fedhas
Gozag
Hepliaklqana
Kikubaaqudgha
Makhleb
Nemelex Xobeh
Okawaru
Qazlal
Ru
Sif Muna
Trog
Uskayaw
Vehumet
Xom
Yredelemnul
Zin
The Shining One
Beogh

Shops:
D:4 :


Innate Abilities, Weirdness & Mutations

You reflexively headbutt those who attack you in melee.
You have a pair of large horns on your head.
You can translocate small distances at will.
Your body sometimes deteriorates upon taking damage.


Message History

Items here: (( )))) † You are too berserk!
The orc knight shoots a bolt.
The bolt barely misses you.
Items here: (( ) [ a bolt; 4 arrows; a long sword; a plate armour You feel your anger subside.
You are no longer berserk.
You are exhausted.
You feel yourself slow down.
The centaur shoots an arrow.
The arrow hits you but does no damage.
The orc warrior shoots a bolt.
The bolt closely misses you.
Things that are here:
6 arrows; a dagger; a robe You're still recovering from your berserk rage.
You blink.
You feel slightly more hungry.
The orc warrior shoots a bolt.
The bolt hits you!
* * * LOW HITPOINT WARNING * * *
Your body deteriorates!
You feel dopey.
The centaur shoots an arrow.
The arrow barely misses you.
The orc knight shoots a bolt.
The bolt hits you!
You die...

..........##.......##
........(o(##.#.#...##
.....$..)o)###)..#.#.##
.....$.)#c((.##[)#....#
........#)(((.#.)....##
.........#((.#(.......##
...#..#.....(..........#
...o........(.........##
................@.....##
.....$.................###
.....#...#...#.........##
.#......................#
.....#............#
.....##.....^...##
..........<.(....##.
............)(......
.......).))[.(...##.


You could see an orc knight and a centaur.

Vanquished Creatures
  2 two-headed ogres (D:8)
  An orc high priest (Orc:2)
  An orc sorcerer (Orc:1)
  Joseph (D:8)
  Grinder (D:4)
  Prince Ribbit (D:8)
  3 hippogriffs (D:8)
  Sigmund (D:4)
  Grum (D:8)
  A warg (Orc:2)
  An ice beast (D:6)
  A sky beast (D:6)
  11 orc warriors
  The ghost of NormalPerson7 the Grave Robber, an amateur DDNe (D:4)
  3 ogres
  6 centaurs
  4 wolves (D:8)
  A crocodile (D:7)
  A big kobold (D:7)
  A bullfrog (D:6)
  4 scorpions
  A howler monkey (D:6)
  9 crimson imps
  6 orc priests
  8 hounds
  Terence (D:3)
  4 iguanas
  9 orc wizards
  Natasha (thrice) (D:2)
  6 worker ants
  A hound zombie (D:5)
  Robin (D:2)
  8 adders
  4 gnolls (D:4)
  4 shadow imps
  A white imp (D:7)
  An adder zombie (D:5)
  2 worms (D:2)
  6 dart slugs
  4 leopard geckos
  52 orcs
  2 ball pythons
  6 bats
  4 giant cockroaches
  11 goblins
  4 hobgoblins
  8 jackals
  9 kobolds
  9 quokkas
  3 frilled lizards
  2 leopard gecko skeletons (D:6)
  7 rats
243 creatures vanquished.

Vanquished Creatures (collateral kills)
  An orc priest (Orc:2)
1 creature vanquished.

Grand Total: 244 creatures vanquished

Notes
Turn   | Place    | Note
-------+----------+-------------------------------------------
     0 | D:1      | GFizzle the Minotaur Berserker began the quest for the Orb.
     0 | D:1      | Reached XP level 1. HP: 19/19 MP: 0/0
   121 | D:1      | Reached skill level 4 in Axes
   175 | D:1      | Reached XP level 2. HP: 25/26 MP: 1/1
   906 | D:2      | Noticed Natasha
   916 | D:2      | Killed Natasha
   916 | D:2      | Reached skill level 5 in Axes
   916 | D:2      | Reached XP level 3. HP: 18/31 MP: 2/2
  1340 | D:2      | Noticed Robin
  1352 | D:2      | Reached ** piety under Trog
  1364 | D:2      | Killed Robin
  1364 | D:2      | Reached skill level 6 in Axes
  1364 | D:2      | Reached XP level 4. HP: 39/39 MP: 3/3
  1378 | D:2      | Noticed Natasha
  1382 | D:2      | Killed Natasha
  1597 | D:2      | Noticed Natasha
  1612 | D:2      | Killed Natasha
  1612 | D:2      | Reached skill level 7 in Axes
  1612 | D:2      | Reached XP level 5. HP: 32/45 MP: 4/4
  2052 | D:2      | Gained mutation: Your body sometimes deteriorates upon taking damage. [potion of mutation]
  2052 | D:2      | Gained mutation: You have a pair of large horns on your head. [potion of mutation]
  2052 | D:2      | Gained mutation: You can translocate small distances at will. [potion of mutation]
  2189 | D:3      | You fall through a shaft for 3 floors!
  2253 | D:6      | Reached *** piety under Trog
  2275 | D:6      | Noticed a centaur
  2280 | D:6      | Reached skill level 8 in Axes
  2280 | D:6      | Killed a centaur
  2280 | D:6      | Reached XP level 6. HP: 38/51 MP: 5/5
  2291 | D:5      | Entered Level 5 of the Dungeon
  2308 | D:5      | Reached skill level 9 in Axes
  2583 | D:4      | Noticed NormalPerson7's ghost (amateur DDNe)
  2590 | D:4      | Killed NormalPerson7's ghost
  2590 | D:4      | Reached XP level 7. HP: 57/57 MP: 6/6
  2611 | D:4      | Reached skill level 10 in Axes
  2669 | D:3      | Found an iron altar of Okawaru.
  2671 | D:3      | Found a deep blue altar of Sif Muna.
  2673 | D:3      | Found a stormy altar of Qazlal.
  2673 | D:3      | Found a basalt altar of Yredelemnul.
  2677 | D:3      | Found an opulent altar of Gozag.
  2815 | D:3      | Noticed Terence
  2820 | D:3      | Killed Terence
  3163 | D:4      | Found Usmiudau's Book Shop.
  3312 | D:4      | Noticed Sigmund
  3319 | D:4      | Killed Sigmund
  3319 | D:4      | Reached skill level 11 in Axes
  3606 | D:4      | Reached **** piety under Trog
  3606 | D:4      | Reached XP level 8. HP: 58/64 MP: 5/7
  3723 | D:4      | Noticed Grinder
  3723 | D:4      | Paralysed by Grinder for 4 turns
  3733 | D:4      | Paralysed by Grinder for 4 turns
  3738 | D:4      | Killed Grinder
  3738 | D:4      | Reached skill level 12 in Axes
  4304 | D:5      | Found a staircase to the Ecumenical Temple.
  4313 | Temple   | Entered the Ecumenical Temple
  5025 | D:6      | Reached skill level 13 in Axes
  5048 | D:6      | Found a bloodstained altar of Trog.
  5050 | D:6      | Found an ancient bone altar of Kikubaaqudgha.
  5839 | D:7      | Reached XP level 9. HP: 67/70 MP: 8/8
  5964 | D:7      | Reached skill level 14 in Axes
  6467 | D:4      | Bought a book of Minor Magic for 260 gold pieces
  6551 | D:8      | Noticed a two-headed ogre
  6561 | D:8      | Killed a two-headed ogre
  6561 | D:8      | Reached skill level 15 in Axes
  6813 | D:8      | Noticed a two-headed ogre
  6819 | D:8      | Killed a two-headed ogre
  6819 | D:8      | Reached skill level 16 in Axes
  6983 | D:8      | Reached XP level 10. HP: 76/78 MP: 7/9
  7117 | D:8      | Noticed Joseph
  7127 | D:8      | Killed Joseph
  7345 | D:8      | Noticed Grum
  7352 | D:8      | Reached skill level 5 in Fighting
  7357 | D:8      | Killed Grum
  7418 | D:8      | Noticed Prince Ribbit
  7428 | D:8      | Killed Prince Ribbit
  7714 | D:9      | Reached skill level 5 in Armour
  7978 | D:9      | Found a staircase to the Orcish Mines.
  8004 | Orc:1    | Entered Level 1 of the Orcish Mines
  8006 | Orc:1    | Found a roughly hewn altar of Beogh.
  8015 | Orc:1    | Noticed an orc sorcerer
  8015 | Orc:1    | Reached ***** piety under Trog
  8021 | Orc:1    | Killed an orc sorcerer
  8350 | Orc:2    | Entered Level 2 of the Orcish Mines
  8356 | Orc:2    | Reached skill level 5 in Dodging
  8359 | Orc:2    | Noticed an orc high priest
  8368 | Orc:2    | Noticed a sun demon
  8371 | Orc:2    | Noticed a sun demon
  8378 | Orc:2    | Killed an orc high priest
  8657 | Orc:2    | Reached XP level 11. HP: 70/92 MP: 8/10
  8672 | Orc:2    | Noticed an orc knight
  8675 | Orc:2    | Noticed an orc knight
  8689 | Orc:2    | Shot with a bolt by an orc knight

Skill      XL: |  1  2  3  4  5  6  7  8  9 10 |
---------------+-------------------------------+-----
Axes           | 4 5 6 7 8 9 11 13 16 | 16.4
Fighting       | 4 7 |  7.4
Armour         | 3 6 |  6.8
Dodging        | 6 |  6.3

Action                   |  1- 3 |  4- 6 |  7- 9 | 10-12 || total
-------------------------+-------+-------+-------+-------++-------
Melee: Hand axe          |    61 |    68 |       |     8 ||   137
       Headbutt          |     6 |    11 |    29 |    25 ||    71
       War axe           |       |    33 |   168 |   138 ||   339
Invok: Berserk           |     2 |     2 |       |     4 ||     8
       Burn Spellbooks   |       |       |     1 |     1 ||     2
       Trog's Hand       |       |       |       |     2 ||     2
       Brothers in Arms  |       |       |       |     1 ||     1
 Abil: Blink             |       |       |       |     1 ||     1
  Use: Scroll            |     2 |     4 |    14 |     2 ||    22
       Potion            |     1 |     1 |     6 |     2 ||    10
 Stab: Distracted        |       |       |     1 |       ||     1
  Eat: Chunk             |     2 |     4 |     2 |       ||     8
       Royal jelly       |       |     1 |     1 |       ||     2
       Meat ration       |       |       |     2 |     1 ||     3
       Fruit             |       |       |     1 |       ||     1
       Bread ration      |       |       |       |     1 ||     1
Armor: Animal skin       |     2 |       |       |       ||     2
       Ring mail         |     7 |    28 |     1 |       ||    36
       Chain mail        |       |       |    37 |       ||    37
       Plate armour      |       |       |    29 |    55 ||    84
Dodge: Dodged            |    24 |    58 |    59 |    82 ||   223
